TOP OF THE 1ST |
Portland Privateers batting - Pitching for Allentown Hillbillies : LHP Beau Montgomery
|
Pitching: LHP Beau Montgomery
|
|
Batting: RHB Chris Adams
|
0-0: Called Strike 0-1: SOLO HOME RUN (Flyball, 7D), Distance : 355 ft
|
Batting: RHB Edward Holloway
|
0-0: Ground out 5-3 (Groundball, 56)
|
Batting: SHB Héctor Jiménez
|
0-0: Ball 1-0: Called Strike 1-1: Ball 2-1: Swinging Strike 2-2: Ball 3-2: Foul Ball, location: 2F 3-2: Foul Ball, location: 2F 3-2: Base on Balls
|
Batting: RHB Carlos Castro
|
0-0: Foul Ball, location: 2F 0-1: Called Strike 0-2: Ball 1-2: Ball 2-2: Grounds into double play, 4-6-3 (Groundball, 4)
|
Top of the 1st over - 1 run, 1 hit, 0 errors, 0 left on base; Portland 1 - Allentown 0 |
BOTTOM OF THE 1ST |
Allentown Hillbillies batting - Pitching for Portland Privateers : RHP Cade Baird
|
Pitching: RHP Cade Baird
|
|
Batting: LHB Júlio Lorenzo
|
0-0: Called Strike 0-1: Ball 1-1: Ball 2-1: Fly out, F8 (Flyball, 8RS)
|
Batting: SHB Travis Martin
|
0-0: Called Strike 0-1: Foul Ball, location: 2F 0-2: Foul Ball, location: 2F 0-2: SINGLE (Groundball, 6MD)
|
Batting: RHB Donald Sanford
|
0-0: Ball 1-0: Called Strike 1-1: Called Strike 1-2: Grounds into double play, 6-4-3 (Groundball, 6)
|
Bottom of the 1st over - 0 runs, 1 hit, 0 errors, 0 left on base; Portland 1 - Allentown 0 |
TOP OF THE 2ND |
Portland Privateers batting - Pitching for Allentown Hillbillies : LHP Beau Montgomery
|
Batting: LHB Dillon Beck
|
0-0: SINGLE (Line Drive, 9LS)
|
Batting: SHB Patrick Larson
|
0-0: Called Strike 0-1: Fly out, F9 (Flyball, 9)
|
Batting: RHB Luis Pineda
|
0-0: Called Strike 0-1: Ball 1-1: Fly out, F9 (Flyball, 89S)
|
Batting: LHB Jeff Dorney
|
0-0: Called Strike 0-1: Ball 1-1: Fly out, F9 (Flyball, 9D)
|
Top of the 2nd over - 0 runs, 1 hit, 0 errors, 1 left on base; Portland 1 - Allentown 0 |
BOTTOM OF THE 2ND |
Allentown Hillbillies batting - Pitching for Portland Privateers : RHP Cade Baird
|
Batting: LHB Ryan Flynn
|
0-0: Called Strike 0-1: DOUBLE (Line Drive, 89M)
|
Batting: RHB Diego Rivera
|
0-0: Swinging Strike 0-1: Called Strike 0-2: Ball 1-2: Ball 2-2: Strikes out swinging
|
Batting: RHB Wyatt McKinnon
|
0-0: Ball 1-0: Called Strike 1-1: Ball 2-1: Ground out 1-3 (Groundball, P) Ryan Flynn to third
|
Batting: RHB Germano Labrego
|
0-0: Ball 1-0: Ground out 5-3 (Groundball, 5S)
|
Bottom of the 2nd over - 0 runs, 1 hit, 0 errors, 1 left on base; Portland 1 - Allentown 0 |
TOP OF THE 3RD |
Portland Privateers batting - Pitching for Allentown Hillbillies : LHP Beau Montgomery
|
Batting: LHB Yasuhiko Onodera
|
0-0: SINGLE (Flyball, 89S)
|
Batting: RHB Chris Adams
|
0-0: Foul Ball, location: 2F 0-1: Ball 1-1: SINGLE (Groundball, 6MD) Yasuhiko Onodera to second
|
Batting: RHB Edward Holloway
|
0-0: Ball 1-0: SINGLE (Groundball, 4MD) Yasuhiko Onodera to third Chris Adams to second
|
Batting: SHB Héctor Jiménez
|
0-0: SINGLE (Groundball, 56D) Yasuhiko Onodera scores Chris Adams to third Edward Holloway to second
|
Batting: RHB Carlos Castro
|
0-0: Called Strike 0-1: Ball 1-1: Foul Ball, location: 2F 1-2: Ball 2-2: Strikes out swinging
|
Batting: LHB Dillon Beck
|
0-0: Ball 1-0: Ball 2-0: Foul Ball, location: 2F 2-1: Grounds into double play, 3-6-3 (Groundball, 3)
|
Top of the 3rd over - 1 run, 4 hits, 0 errors, 2 left on base; Portland 2 - Allentown 0 |
BOTTOM OF THE 3RD |
Allentown Hillbillies batting - Pitching for Portland Privateers : RHP Cade Baird
|
Batting: RHB Robert Bly
|
0-0: DOUBLE (Line Drive, 7LD)
|
Batting: RHB António Yánez
|
0-0: Ball 1-0: Ball 2-0: Ball 3-0: Called Strike 3-1: Fly out, F7 (Flyball, 78S)
|
Batting: LHB Júlio Lorenzo
|
0-0: Ball 1-0: Ball 2-0: Ground out 4-3 (Groundball, 4) Robert Bly to third
|
Batting: SHB Travis Martin
|
0-0: Ball 1-0: Foul Ball, location: 2F 1-1: Ground out 6-3 (Groundball, 6)
|
Bottom of the 3rd over - 0 runs, 1 hit, 0 errors, 1 left on base; Portland 2 - Allentown 0 |
TOP OF THE 4TH |
Portland Privateers batting - Pitching for Allentown Hillbillies : LHP Beau Montgomery
|
Batting: SHB Patrick Larson
|
0-0: Called Strike 0-1: Ball 1-1: Ball 2-1: Foul Ball, location: 2F 2-2: Ball 3-2: Fly out, F7 (Flyball, 7D)
|
Batting: RHB Luis Pineda
|
0-0: Swinging Strike 0-1: Ground out 4-3 (Groundball, 4)
|
Batting: LHB Jeff Dorney
|
0-0: Called Strike 0-1: Ball 1-1: Ground out 4-3 (Groundball, 3D)
|
Top of the 4th over - 0 runs, 0 hits, 0 errors, 0 left on base; Portland 2 - Allentown 0 |
BOTTOM OF THE 4TH |
Allentown Hillbillies batting - Pitching for Portland Privateers : RHP Cade Baird
|
Batting: RHB Donald Sanford
|
0-0: Ball 1-0: Called Strike 1-1: Called Strike 1-2: Strikes out looking
|
Batting: LHB Ryan Flynn
|
0-0: Ball 1-0: Called Strike 1-1: Foul Ball, location: 2F 1-2: Foul Ball, location: 2F 1-2: Ball 2-2: Foul Ball, location: 2F 2-2: Ball 3-2: Base on Balls
|
Batting: RHB Diego Rivera
|
0-0: Ball 1-0: Swinging Strike 1-1: Ball Ryan Flynn is caught stealing 2nd base 2-1: Swinging Strike 2-2: Strikes out swinging
|
Bottom of the 4th over - 0 runs, 0 hits, 0 errors, 0 left on base; Portland 2 - Allentown 0 |
TOP OF THE 5TH |
Portland Privateers batting - Pitching for Allentown Hillbillies : LHP Beau Montgomery
|
Batting: LHB Yasuhiko Onodera
|
0-0: Ball 1-0: Ball 2-0: Ball 3-0: Base on Balls
|
Batting: RHB Chris Adams
|
0-0: Called Strike 0-1: Foul Ball, location: 2F 0-2: Foul Ball, location: 2F 0-2: Ball 1-2: SINGLE (Groundball, 56D) Yasuhiko Onodera to second
|
Batting: RHB Edward Holloway
|
0-0: Foul Ball, location: 2F 0-1: Ball 1-1: Ball 2-1: Foul Ball, location: 2F 2-2: Grounds into double play, 4-6-3 (Groundball, 4) Yasuhiko Onodera to third
|
Batting: SHB Héctor Jiménez
|
0-0: Foul Ball, location: 2F 0-1: Foul Ball, location: 2F 0-2: Ball 1-2: Strikes out swinging
|
Top of the 5th over - 0 runs, 1 hit, 0 errors, 1 left on base; Portland 2 - Allentown 0 |
BOTTOM OF THE 5TH |
Allentown Hillbillies batting - Pitching for Portland Privateers : RHP Cade Baird
|
Batting: RHB Wyatt McKinnon
|
0-0: Called Strike 0-1: Ball 1-1: SINGLE (Line Drive, 56D)
|
Batting: RHB Germano Labrego
|
0-0: Swinging Strike 0-1: Ball 1-1: Grounds into double play, 4-6-3 (Groundball, 4)
|
Batting: RHB Robert Bly
|
0-0: Ball 1-0: Ball 2-0: Swinging Strike 2-1: Swinging Strike 2-2: Ground out 5-3 (Groundball, 56)
|
Bottom of the 5th over - 0 runs, 1 hit, 0 errors, 0 left on base; Portland 2 - Allentown 0 |
TOP OF THE 6TH |
Portland Privateers batting - Pitching for Allentown Hillbillies : LHP Beau Montgomery
|
Batting: RHB Carlos Castro
|
0-0: Ball 1-0: Ball 2-0: SINGLE (Line Drive, 4MD)
|
Batting: LHB Dillon Beck
|
0-0: Ball Wild Pitch! Carlos Castro to second 1-0: SINGLE (Flyball, 78M) Carlos Castro to third Runner from 3rd tries for Home, SAFE, no throw
|
Batting: SHB Patrick Larson
|
0-0: Ball 1-0: Ball 2-0: Ball 3-0: Called Strike 3-1: Foul Ball, location: 2F 3-2: Base on Balls Dillon Beck to second
|
Batting: RHB Luis Pineda
|
0-0: Swinging Strike 0-1: Ball 1-1: Foul Ball, location: 2F 1-2: Foul Ball, location: 2F 1-2: Fly out, F4 (Line Drive, 4)
|
Batting: LHB Jeff Dorney
|
0-0: Called Strike 0-1: Ball 1-1: Called Strike 1-2: Strikes out swinging
|
Batting: LHB Yasuhiko Onodera
|
0-0: Swinging Strike 0-1: Called Strike 0-2: Ball 1-2: Ball 2-2: Ball 3-2: Base on Balls Dillon Beck to third Patrick Larson to second
|
Batting: RHB Chris Adams
|
0-0: Called Strike 0-1: Ball 1-1: Foul Ball, location: 2F 1-2: Strikes out swinging
|
Top of the 6th over - 1 run, 2 hits, 0 errors, 3 left on base; Portland 3 - Allentown 0 |
BOTTOM OF THE 6TH |
Allentown Hillbillies batting - Pitching for Portland Privateers : RHP Cade Baird
|
Batting: RHB António Yánez
|
0-0: Ball 1-0: Foul Ball, location: 2F 1-1: Ball 2-1: Ball 3-1: Swinging Strike 3-2: Foul Ball, location: 2F 3-2: Base on Balls
|
Batting: LHB Júlio Lorenzo
|
0-0: Called Strike 0-1: Swinging Strike 0-2: Ball 1-2: Ball 2-2: Foul Ball, location: 2F 2-2: Ground out 3-1 (Groundball, 3) António Yánez to second
|
Batting: SHB Travis Martin
|
0-0: Fly out, F7 (Flyball, 78M)
|
Batting: RHB Donald Sanford
|
0-0: Foul Ball, location: 2F 0-1: Ball 1-1: Foul Ball, location: 2F 1-2: Fly out, F8 (Flyball, 8LXD)
|
Bottom of the 6th over - 0 runs, 0 hits, 0 errors, 1 left on base; Portland 3 - Allentown 0 |
TOP OF THE 7TH |
Portland Privateers batting - Pitching for Allentown Hillbillies : LHP Beau Montgomery
|
Pitching: LHP Dan Rogers
|
|
Batting: RHB Edward Holloway
|
0-0: Called Strike 0-1: Foul Ball, location: 2F 0-2: Strikes out swinging
|
Batting: SHB Héctor Jiménez
|
0-0: Called Strike 0-1: Foul Ball, location: 2F 0-2: Ball 1-2: Strikes out swinging
|
Batting: RHB Carlos Castro
|
0-0: Called Strike 0-1: Swinging Strike 0-2: Ball 1-2: Strikes out swinging, 2-3 out at first.
|
Top of the 7th over - 0 runs, 0 hits, 0 errors, 0 left on base; Portland 3 - Allentown 0 |
BOTTOM OF THE 7TH |
Allentown Hillbillies batting - Pitching for Portland Privateers : RHP Cade Baird
|
Batting: LHB Ryan Flynn
|
0-0: Foul Ball, location: 2F 0-1: Ball 1-1: Foul Ball, location: 2F 1-2: Ball 2-2: Ground out 4-3 (Groundball, 4)
|
Batting: RHB Diego Rivera
|
0-0: Ball 1-0: Called Strike 1-1: DOUBLE (Line Drive, 9LM)
|
Batting: RHB Wyatt McKinnon
|
0-0: Swinging Strike 0-1: Ball 1-1: Called Strike 1-2: Strikes out swinging
|
Batting: RHB Germano Labrego
|
0-0: Foul Ball, location: 2F 0-1: Ball 1-1: Called Strike 1-2: Fly out, F6 (Line Drive, 6)
|
Bottom of the 7th over - 0 runs, 1 hit, 0 errors, 1 left on base; Portland 3 - Allentown 0 |
TOP OF THE 8TH |
Portland Privateers batting - Pitching for Allentown Hillbillies : LHP Dan Rogers
|
Batting: LHB Dillon Beck
|
0-0: Ball 1-0: Fly out, F4 (Popup, 4MS)
|
Batting: SHB Patrick Larson
|
0-0: Ball 1-0: Swinging Strike 1-1: Foul Ball, location: 2F 1-2: Foul Ball, location: 2F 1-2: Foul Ball, location: 2F 1-2: Fly out, F3 (Popup, 34S)
|
Batting: RHB Luis Pineda
|
0-0: Foul Ball, location: 2F 0-1: Ball 1-1: Foul Ball, location: 2F 1-2: Ground out U3 (Groundball, 34)
|
Top of the 8th over - 0 runs, 0 hits, 0 errors, 0 left on base; Portland 3 - Allentown 0 |
BOTTOM OF THE 8TH |
Allentown Hillbillies batting - Pitching for Portland Privateers : RHP Cade Baird
|
Batting: RHB Robert Bly
|
0-0: Ball 1-0: Ball 2-0: Foul Ball, location: 2F 2-1: Ball 3-1: Base on Balls
|
Batting: RHB António Yánez
|
0-0: Ball 1-0: Ball 2-0: Ball 3-0: Called Strike 3-1: Foul Ball, location: 2F 3-2: Base on Balls Robert Bly to second
|
Batting: LHB Júlio Lorenzo
|
0-0: Called Strike 0-1: SINGLE (Groundball, 2L) (infield hit) Robert Bly to third António Yánez to second
|
Pitching: RHP Ricardo Ontiveros
|
|
Batting: SHB Travis Martin
|
0-0: Foul Ball, location: 2F 0-1: Foul Ball, location: 2F 0-2: Ball 1-2: Strikes out swinging
|
Batting: RHB Donald Sanford
|
0-0: Ball 1-0: Swinging Strike 1-1: Swinging Strike 1-2: Ball 2-2: Strikes out swinging
|
Batting: LHB Ryan Flynn
|
0-0: Ball 1-0: Fly out, F9 (Flyball, 9LS)
|
Bottom of the 8th over - 0 runs, 1 hit, 0 errors, 3 left on base; Portland 3 - Allentown 0 |
TOP OF THE 9TH |
Portland Privateers batting - Pitching for Allentown Hillbillies : LHP Dan Rogers
|
Pitching: RHP Dale Downs
|
|
Batting: LHB Jeff Dorney
|
0-0: Ball 1-0: Ball 2-0: Ground out 4-3 (Groundball, 4)
|
Batting: LHB Yasuhiko Onodera
|
0-0: Ball 1-0: SINGLE (Groundball, 56D)
|
Batting: RHB Chris Adams
|
0-0: Ball 1-0: Called Strike 1-1: Foul Ball, location: 2F 1-2: Strikes out swinging
|
Batting: RHB Edward Holloway
|
0-0: Swinging Strike 0-1: Ball 1-1: Ball 2-1: Called Strike 2-2: Ball 3-2: Fly out, F7 (Flyball, 7LS)
|
Top of the 9th over - 0 runs, 1 hit, 0 errors, 1 left on base; Portland 3 - Allentown 0 |
BOTTOM OF THE 9TH |
Allentown Hillbillies batting - Pitching for Portland Privateers : RHP Ricardo Ontiveros
|
Pitching: LHP Josh Chamberlain
|
|
Batting: RHB Diego Rivera
|
0-0: SINGLE (Line Drive, 89S)
|
Batting: RHB Wyatt McKinnon
|
0-0: Ball 1-0: Ball 2-0: Called Strike 2-1: Foul Ball, location: 2F 2-2: Ball 3-2: Strikes out swinging Diego Rivera is caught stealing 2nd base Batter strikes out.
|
Batting: RHB Germano Labrego
|
0-0: Called Strike 0-1: Ball 1-1: Ball 2-1: Ball 3-1: Called Strike 3-2: SINGLE (Flyball, 78M)
|
Batting: RHB Robert Bly
|
0-0: Ball 1-0: Ball 2-0: Ball 3-0: Called Strike 3-1: Base on Balls Germano Labrego to second
|
Batting: RHB António Yánez
|
0-0: Ball 1-0: Ball 2-0: Ball 3-0: Called Strike 3-1: Base on Balls Germano Labrego to third Robert Bly to second
|
Pinch Hitting: RHB Albert Lutz
|
0-0: Ball 1-0: Foul Ball, location: 2F 1-1: Foul Ball, location: 2F 1-2: Foul Ball, location: 2F 1-2: Fly out, F6 (Popup, 6M)
|
Bottom of the 9th over - 0 runs, 2 hits, 0 errors, 3 left on base; Portland 3 - Allentown 0 |
|